 Seeded DCSS version 0.29.1-14-g9c671dbff4 (webtiles) character file.

Game seed: 1 (custom seed)

666 Kazon the Sneak (level 7, -3/52 HPs)
             Began as a Mummy Brigand on Feb 16, 2023.
             Slain by a sky beast (5 damage)
             ... on level 5 of the Dungeon.
             The game lasted 00:21:06 (3463 turns).

Kazon the Sneak (Mummy Brigand)                     Turns: 3463, Time: 00:21:07

Health: -3/52      AC:  7    Str: 16    XL:     7   Next: 31%
Magic:  8/9        EV: 12    Int: 10    God:
Gold:   152        SH:  0    Dex: 14    Spells: 8/9 levels left

rFire   x . .      SeeInvis .   s - +3 falchion of Winter {venom, rCorr}
rCold   + . .      Faith    .   (no shield)
rNeg    + + +      Spirit   .   b - +0 robe
rPois   ∞          Reflect  .   g - +0 helmet
rElec   .          Harm     .   v - +0 cloak
rCorr   +          Rampage  .   (no gloves)
Will    .....                   j - +2 pair of boots
Stlth   +++.......              f - amulet of the acrobat
HPRegen 0.17/turn               (no ring)
MPRegen 0.11/turn               (no ring)

@: very slightly contaminated
A: cold resistance 1, negative energy resistance 3, torment resistance 2, heat
vulnerability 1, in touch with death 1, no potions
a: no special abilities


You were on level 5 of the Dungeon.
You visited 1 branch of the dungeon, and saw 5 of its levels.

You collected 336 gold pieces.
You spent 184 gold pieces at shops.

Inventory:

Hand Weapons
 e - a +2 dagger of venom
 o - a +1 sling of flaming
 s - the +3 falchion of Winter (weapon) {venom, rCorr}
   (You bought it in a shop on level 3 of the Dungeon)

   It poisons the flesh of those it strikes.
   rCorr:     It protects you from acid and corrosion.
 w - a +5 longbow of freezing
Missiles
 d - 9 poisoned darts
 h - 28 stones
 l - 5 boomerangs (quivered)
 m - 2 curare-tipped darts
Armour
 b - a +0 robe (worn)
 c - a +0 buckler
 g - a +0 helmet (worn)
 j - a +2 pair of boots (worn)
 v - a +0 cloak (worn)
Jewellery
 f - an amulet of the acrobat (around neck)
Wands
 u - a wand of mindburst (18)
Scrolls
 i - 3 scrolls of identify
 k - a scroll of immolation
 n - a scroll of fog
 p - a scroll of poison
 q - a scroll of magic mapping
 t - a scroll of teleportation
Potions
 a - a potion of ambrosia {unknown}


   Skills:
 + Level 3.6 Fighting
 + Level 2.4(2.8) Short Blades
 + Level 1.9(2.5) Long Blades
 + Level 2.3 Ranged Weapons
 + Level 2.0 Throwing
 + Level 2.2 Dodging
 + Level 4.5 Stealth
 + Level 1.7 Spellcasting
 + Level 1.5 Necromancy
 * Level 1.0 Evocations


You had 8 spell levels left.
You knew the following spells:

 Your Spells              Type           Power      Damage    Failure   Level
a - Necrotise             Necr           20%        1d5       17%         1

Your spell library contained the following spells:

 Spells                   Type           Power      Damage    Failure   Level
 Apportation              Tloc           0%         N/A       32%         1
 Sting                    Tmut/Pois      0%         1d3       32%         1
 Summon Small Mammal      Summ           0%         N/A       32%         1
 Poisonous Vapours        Pois/Air       0%         N/A       43%         2
 Olgreb's Toxic Radiance  Pois           0%         N/A       97%         4
 Fireball                 Conj/Fire      0%         3d3       100%        5
 Iskenderun's Battlesphe  Conj           0%         2d6       100%        5
 Conjure Ball Lightning   Conj/Air       0%         3x3d6     100%        6
 Orb of Destruction       Conj           0%         9d5       100%        7


Dungeon Overview and Level Annotations

Branches:
Dungeon (5/15)
 Temple: D:4-7

Altars:
Hepliaklqana

Shops:
D:3 (


Innate Abilities, Weirdness & Mutations

You are immune to poison.
Your flesh is cold resistant. (rC+)
You are immune to negative energy. (rN+++)
You are immune to unholy pain and torment.
You are vulnerable to heat. (rF-)
You are in touch with the powers of death.
You do not drink.


Message History

Something hits you but does no damage. The centaur closely misses you. x2
Something hits you but does no damage. The centaur barely misses you.
The centaur kicks you.
Your Evocations skill increases to level 1!
Casting: Necrotise (safe; 17% risk of failure)
Confirm with . or Enter, or press ? or * to list all spells.
Aiming: Necrotise (safe; 17% risk of failure)
Press: ? - help, Shift-Dir - straight line, f - centaur
Aim: a centaur (moderately wounded, extremely poisoned, chance to affect: 50%)
You feel a surge of power!
You miscast Necrotise.
You are very lightly contaminated with residual magic.
Nothing appears to happen.
The centaur misses you.
The centaur kicks you but does no damage.
Something hits you. Something shocks you.
* * * LOW HITPOINT WARNING * * *
You completely miss the centaur.
The centaur is heavily wounded.
The centaur barely misses you.
The centaur kicks you but does no damage.
The centaur hits you.
* * * LOW HITPOINT WARNING * * *
The centaur closely misses you. Something barely misses you.
You can't drink.
The centaur wields a +0 shortbow.
The centaur shoots an arrow.
The arrow closely misses you.
Throw: 5 boomerangs
Press: ? - help, Q - select action, (/) - cycle Shift-Dir - straight line, f/p - centaur
Aim: a centaur, wielding a +0 shortbow (severely wounded, very poisoned, 71% to hit)
You throw a boomerang.
The boomerang hits the centaur but does no damage.
The centaur is severely wounded.
The centaur shoots an arrow.
The arrow barely misses you. Something barely misses you.
You hit the centaur but do no damage.
The centaur looks as sick as possible!
The centaur is almost dead.
You kill the centaur!
Something hits you.
* * * LOW HITPOINT WARNING * * *
Something shocks you.
You die...

##.. ..# #...
#.. ##... ..
##.... #.# #####
##..#.. ..
#...## ##...##.
#.##....##
#...####
#..#.....###..##
#@#.....##..##
#).#....#..##
#.†#...#...#
##.)......##
#.(#.....##
l......#####..##
..!.... ##..#
......# #..##
.@.... ##..#


There were no monsters in sight!

Vanquished Creatures
  Eustachio (D:5)
  A centaur (D:5)
  4 scorpions
  A hound (D:4)
  An orc priest (D:3)
  An iguana (D:4)
  Robin (D:3)
  6 gnolls
  6 adders
  An ufetubus (D:5)
  3 worms
  5 orcs
  11 endoplasms
  A giant cockroach (D:1)
  16 goblins
  9 hobgoblins
  A jackal (D:4)
  4 kobolds
  A quokka (D:1)
  5 ball pythons
  4 bats
  3 frilled lizards
  6 rats
92 creatures vanquished.

Notes
Turn   | Place    | Note
-------+----------+-------------------------------------------
     0 | D:1      | Kazon the Mummy Brigand began the quest for the Orb.
     0 | D:1      | Reached XP level 1. HP: 16/16 MP: 1/1
    33 | D:1      | Identified a scroll of acquirement
    33 | D:1      | Acquired a +5 longbow of freezing
    95 | D:1      | Reached skill level 1 in Dodging
   142 | D:1      | Reached XP level 2. HP: 22/22 MP: 2/2
   839 | D:2      | Gained mutation: You are in touch with the powers of death.
                  | [Mummy growth]
   839 | D:2      | Reached XP level 3. HP: 28/28 MP: 3/3
  1078 | D:2      | Learned a level 1 spell: Necrotise
  1139 | D:2      | Reached skill level 1 in Ranged Weapons
  1147 | D:2      | Reached XP level 4. HP: 7/34 MP: 2/4
  1583 | D:3      | Found Umat's Antique Weapon Boutique.
  1610 | D:3      | Bought a crude falchion for 184 gold pieces
  1610 | D:3      | Identified the +3 falchion of Winter {venom, rCorr} (You
                  | bought it in a shop on level 3 of the Dungeon)
  1695 | D:3      | Reached skill level 4 in Stealth
  1695 | D:3      | Noticed Robin
  1706 | D:3      | Killed Robin
  1992 | D:3      | Reached XP level 5. HP: 41/41 MP: 1/5
  2742 | D:4      | Reached skill level 1 in Spellcasting
  2742 | D:4      | Reached XP level 6. HP: 47/47 MP: 7/7
  2909 | D:4      | Reached skill level 1 in Necromancy
  2965 | D:4      | Reached skill level 1 in Long Blades
  3020 | D:4      | Found a hazy altar of Hepliaklqana.
  3332 | D:5      | Entered Level 5 of the Dungeon
  3436 | D:5      | Noticed Eustachio
  3437 | D:5      | Noticed a sky beast
  3450 | D:5      | Killed Eustachio
  3451 | D:5      | Reached XP level 7. HP: 30/52 MP: 9/9
  3459 | D:5      | Reached skill level 1 in Evocations
  3463 | D:5      | HP: 2/52 [something (4)]
  3463 | D:5      | Slain by a sky beast

Illustrated notes

Levels and vault maps discovered:
D:1:      dpeg_arrival_three_smaller_balls, layout_basic
D:2:      layout_loops_ring
D:3:      layout_basic, serial_shops, nicolae_shop_stone, st_stairs_9,
          minmay_misc_feat_doors, eino_curves_03, uniq_robin
D:4:      minmay_wonky_spiral, layout_basic,
          mainiacjoe_overflow_surrounded_room, minivault_5
D:5:      layout_cave_pods, uniq_menkaure, uniq_eustachio

Skill      XL: |  1  2  3  4  5  6  7 |
---------------+----------------------+-----
Dodging        | 1 2 |  2.2
Ranged Weapons | 1 2 |  2.3
Short Blades   | 2 |  2.4
Stealth        | 4 |  4.5
Fighting       | 3 |  3.6
Spellcasting   | 1 |  1.7
Necromancy     | 1 |  1.5
Long Blades    | 1 |  1.9
Throwing       | 2 |  2.0
Evocations     | 1 |  1.0

Action                   |  1- 3 |  4- 6 |  7- 9 || total
-------------------------+-------+-------+-------++-------
Melee: Dagger            |    65 |    67 |       ||   132
       Falchion          |       |    53 |     7 ||    60
       Punch             |       |     2 |       ||     2
 Fire: Longbow           |    31 |    12 |       ||    43
Throw: Stone             |     3 |    10 |       ||    13
       Dart              |     1 |     3 |       ||     4
       Boomerang         |       |     2 |     1 ||     3
 Cast: Necrotise         |     1 |     5 |     1 ||     7
Evoke: Wand              |       |     2 |       ||     2
  Use: Scroll            |     1 |     6 |       ||     7
 Stab: Sleeping          |     2 |     6 |       ||     8
Armor: Robe              |    22 |    40 |    12 ||    74
Dodge: Dodged            |    36 |    90 |    18 ||   144
